 Dungeon Crawl Stone Soup version 0.30.0-15-g856e2d3f33 (webtiles) character file.

Game seed: 13521418487251200000

109 qw the Chopper (level 4, -2/28 HPs)
             Began as a Gargoyle Cinder Acolyte on May 18, 2023.
             Was a High Priest of Ignis.
             Killed by divine providence
             ... invoked by an orc priest
              (10 damage)
             ... on level 3 of the Dungeon.
             The game lasted 00:01:07 (1744 turns).

qw the Chopper (Gargoyle Cinder Acolyte)            Turns: 1744, Time: 00:01:08

Health: -2/28      AC: 22    Str: 20    XL:     4   Next: 89%
Magic:  5/5        EV:  8    Int: 14    God:    Ignis [*****.]
Gold:   44         SH:  0    Dex:  5    Spells: 5/5 levels left

rFire   + . .        Y - +0 war axe
rCold   . . .        (no shield)
rNeg    + . .        h - +0 chain mail
rPois   inf          e - +0 helmet
rElec   +            (no cloak)
rCorr   .            c - +0 pair of gloves
SInv    .            f - +0 pair of boots
Will    .....        i - amulet of the acrobat Stlth
                     (no ring)
HPRegen 0.24/turn    (no ring)
MPRegen 0.09/turn

%: acrobat
@: fiery-armoured
A: sickness immunity, AC +3, negative energy resistance 1, electricity
resistance, torment resistance 1, petrification resistance
a: Renounce Religion, Fiery Armour, Foxfire Swarm, Rising Flame


You were on level 3 of the Dungeon.
You worshipped Ignis.
Ignis was extremely pleased with you.
You visited 1 branch of the dungeon, and saw 3 of its levels.

You collected 44 gold pieces.


Innate Abilities, Weirdness & Mutations

You are immune to sickness and miasma.
Your stone body is resilient. (AC +3)
You are immune to poison.
You resist negative energy. (rN+)
You are resistant to electric shocks. (rElec)
You are resistant to unholy torment.
You are immune to petrification.


   Skills:
 - Level 3.2 Fighting
 + Level 4.5 Axes
 - Level 2.0 Armour
 - Level 1.0 Spellcasting
 - Level 3.0 Fire Magic


You had 5 spell levels left.
You didn't know any spells.
Your spell library contained the following spells:

 Spells                   Type           Power      Damage    Failure   Level
 Scorch                   Fire           18%        2d6       67%         2

Inventory:

Hand Weapons
 a - a -1 hand axe of flaming
 Y - a +0 war axe (weapon)
Armour
 c - a +0 pair of gloves (worn)
 e - a +0 helmet (worn)
 f - a +0 pair of boots (worn)
 h - a +0 chain mail (worn)
 l - a +0 plate armour
Jewellery
 b - a ring of protection from fire
 i - an amulet of the acrobat (around neck)
 j - a ring of see invisible
 m - a +4 ring of protection
Potions
 d - 2 potions of mutation {unknown}
 k - a potion of brilliance {unknown}

Dungeon Overview and Level Annotations

Branches:
Dungeon (3/15)

Altars:

Annotations:
D:1 1 runed translucent door


Message History

The orc is burned by your cloak of flames.
You kill the orc!
The orc priest hits you but does no damage.
The orc priest is burned by your cloak of flames.
The orc priest is almost dead.
The orc priest hits you but does no damage.
The orc priest is burned by your cloak of flames.
The orc priest is moderately wounded.
You hit the orc priest.
You kill the orc priest!
You hit the orc priest but do no damage.
The orc priest hits you with a +0 flail.
The orc priest is burned by your cloak of flames.
The orc priest is moderately wounded.
The orc priest casts a cantrip, but nothing happens.
You hit the orc priest.
The orc priest is heavily wounded.
The orc priest hits you with a +0 flail.
The orc priest is burned by your cloak of flames.
The orc priest is severely wounded.
The orc priest hits you with a +0 flail.
The orc priest is burned by your cloak of flames.
The orc priest is almost dead.
The orc priest hits you with a +1 mace of venom.
The orc priest is burned by your cloak of flames.
The orc priest is lightly wounded.
You hit the orc priest but do no damage.
The orc priest is almost dead.
You slash the orc priest!
The orc priest calls upon Beogh to heal the orc priest.
The orc priest is healed somewhat.
The orc priest hits you with a +1 mace of venom.
The orc priest is burned by your cloak of flames.
The orc priest is severely wounded.
You barely miss the orc priest.
The orc priest is almost dead.
You closely miss the orc priest.
The orc priest invokes the aid of Beogh against you.
Beogh smites you!
You die...

##.###.### #.#
.........####### ...
##...###........ ...
...#.###.####### ...
##.....)...# #####
####......#######.>...
#..................
#..........#o......
#######....@o......
####.%)......
#####..... ...> ... ..
.


You could see 2 orc priests.

Vanquished Creatures
  An orc priest (D:3)
  An adder (D:2)
  2 worms (D:2)
  2 dart slugs
  2 orcs (D:3)
  5 bats
  5 endoplasms
  2 giant cockroaches
  6 goblins
  6 hobgoblins
  A quokka (D:1)
  5 ball pythons
  2 frilled lizards
  8 kobolds
  9 rats
57 creatures vanquished.

Notes
Turn   | Place    | Note
-------+----------+-------------------------------------------
     0 | D:1      | qw the Gargoyle Cinder Acolyte began the quest for the Orb.
     0 | D:1      | Reached XP level 1. HP: 14/14 MP: 2/2
     0 | D:1      | Noticed a jelly
     0 | D:1      | 0 ||| qw: Version: 0.2-a-95-gc95f03d
     0 | D:1      | 0 ||| qw: Game counter: 32
     0 | D:1      | 0 ||| qw: Always use a shield: true
     0 | D:1      | 0 ||| qw: God list: Okawaru
     0 | D:1      | 0 ||| qw: Allow faded altars: false
     0 | D:1      | 0 ||| qw: Do Orc after D:15 true
     0 | D:1      | 0 ||| qw: Do second Lair branch before Depths: true
     0 | D:1      | 0 ||| qw: Lair rune preference: random
     0 | D:1      | 0 ||| qw: Plans: Normal
     0 | D:1      | 0 ||| PLANNING D:1-11
     1 | D:1      | Found a runed translucent door.
    43 | D:1      | 43 ||| Stepping ~*~*~tactically~*~*~ (stealth).
    52 | D:1      | Reached skill level 3 in Axes
   142 | D:1      | 142 ||| INVOKING Fiery Armour.
   144 | D:1      | Reached XP level 2. HP: 11/19 MP: 3/3
   238 | D:1      | 238 ||| Stepping ~*~*~tactically~*~*~ (hiding).
   240 | D:1      | 240 ||| Stepping ~*~*~tactically~*~*~ (hiding).
   271 | D:1      | 271 ||| Stepping ~*~*~tactically~*~*~ (stealth).
   396 | D:1      | Noticed a golden eye
   399 | D:1      | Found a faded altar of an unknown god.
   401 | D:1      | Noticed a great orb of eyes
   401 | D:1      | Noticed a shining eye
   401 | D:1      | Noticed a shining eye
   783 | D:1      | 783 ||| UPGRADING to +0 pair of gloves.
   788 | D:1      | 788 ||| UPGRADING to +0 ring mail.
   798 | D:1      | 798 ||| DROPPING +0 robe.
   799 | D:1      | 799 ||| UPGRADING to +0 pair of boots.
   804 | D:1      | 804 ||| UPGRADING to +0 chain mail.
   814 | D:1      | 814 ||| DROPPING +0 ring mail.
   815 | D:1      | 815 ||| UPGRADING to amulet of the acrobat.
   820 | D:1      | 820 ||| READING scroll labelled IGHANW FAYXZUXT.
   879 | D:2      | Reached skill level 1 in Armour
   879 | D:2      | Reached XP level 3. HP: 23/23 MP: 4/4
   883 | D:2      | 883 ||| Stepping ~*~*~tactically~*~*~ (stealth).
  1001 | D:2      | 1001 ||| Stepping ~*~*~tactically~*~*~ (stealth).
  1005 | D:2      | 1005 ||| Stepping ~*~*~tactically~*~*~ (stealth).
  1006 | D:2      | 1006 ||| Stepping ~*~*~tactically~*~*~ (stealth).
  1070 | D:2      | 1070 ||| SWAPPING to +0 war axe.
  1143 | D:2      | 1143 ||| Stepping ~*~*~tactically~*~*~ (stealth).
  1177 | D:2      | Reached XP level 4. HP: 28/28 MP: 5/5
  1259 | D:2      | Identified the +4 sling "Gelosuxu" {elec, Drain Fragile
                  | rF++ rN+++}
  1489 | D:2      | Reached skill level 4 in Axes
  1500 | D:2      | 1500 ||| UPGRADING to +0 helmet.
  1505 | D:2      | 1505 ||| READING scroll labelled QOTUDU IWEONLYHIT.
  1506 | D:2      | 1506 ||| DRINKING 2 grey potions.
  1602 | D:3      | 1602 ||| Stepping ~*~*~tactically~*~*~ (hiding).
  1604 | D:3      | 1604 ||| Stepping ~*~*~tactically~*~*~ (hiding).
  1735 | D:3      | 1735 ||| INVOKING Fiery Armour.
  1739 | D:3      | HP: 5/28 [orc priest/divine providence (11)]
  1740 | D:3      | 1740 ||| DRINKING potion of heal wounds.
  1744 | D:3      | Killed from afar by an orc priest

Levels and vault maps discovered:
D:1:      dpeg_arrival_caged_fury, layout_rooms,
          hellmonk_ecumenical_altar_watching_god, serial_corexii_hall,
          corexii_hall_statues_u, corexii_hall_statues_i,
          corexii_hall_statues_x, corexii_hall_statues_s,
          chequers_serial_rivers_small_b
D:2:      layout_rooms, minivault_26
D:3:      layout_rooms

Skill      XL: |  1  2  3  4 |
---------------+-------------+-----
Axes           | 3 4 |  4.5
Armour         | 1 2 |  2.0
Fighting       | |  3.2
Spellcasting   | |  1.0
Fire Magic     | |  3.0

Action                     |  1- 3 |  4- 6 || total
---------------------------+-------+-------++-------
  Melee: Hand axe          |    97 |       ||    97
         War axe           |    19 |    41 ||    60
 Invoke: Fiery Armour      |     1 |     1 ||     2
    Use: Scroll            |     1 |     1 ||     2
         Potion            |       |     2 ||     2
 Armour: Robe              |    22 |       ||    22
         Chain mail        |    31 |    21 ||    52
  Dodge: Dodged            |    60 |     9 ||    69

Table legend:
 A = Non-vault XP
 B = Vault XP
 C = Vault XP percentage of total XP
 D = Non-vault monster count
 E = Vault monster count
 F = Vault count percentage of total count
                 A         B        C        D         E       F
            +---------+---------+-------+---------+---------+-------
      Total |     156 |       0 |   0.0 |      57 |       0 |   0.0
            +---------+---------+-------+---------+---------+-------
        D:1 |      31 |       0 |   0.0 |      20 |       0 |   0.0
        D:2 |      61 |       0 |   0.0 |      23 |       0 |   0.0
        D:3 |      64 |       0 |   0.0 |      14 |       0 |   0.0
            +---------+---------+-------+---------+---------+-------
